 Dungeon Crawl Stone Soup version 0.29.0-13-gc9e81de378 (webtiles) character file.

Game seed: 14589605782386268583

74 Descartes the Cudgeller (level 4, -1/30 HPs)
             Began as a Formicid Wanderer on Sept 9, 2022.
             Slain by Grinder (3 damage)
             ... on level 3 of the Dungeon.
             The game lasted 00:02:53 (2398 turns).

Descartes the Cudgeller (Formicid Wanderer)         Turns: 2398, Time: 00:02:53

Health: -1/30      AC: 13    Str: 19    XL:     4   Next: 52%
Magic:  6/6        EV:  5    Int: 13    God:
Gold:   105        SH:  0    Dex: 11    Spells: 5/6 levels left

rFire   . . .      SeeInvis +   a - +2 mace
rCold   . . .      Faith    .   (no shield)
rNeg    . . .      Spirit   .   n - +0 plate armour
rPois   .          Reflect  .   (helmet unavailable)
rElec   .          Harm     .   b - +0 cloak
rCorr   .          Rampage  .   (no gloves)
Will    .....                   g - +0 pair of boots
Stlth   ..........              (no amulet)
HPRegen 0.10/turn               h - ring of flight
MPRegen 0.10/turn               (no ring)

@: flying
A: permanent stasis, dig shafts and tunnels, antennae 3, four strong arms
a: Dig, Shaft Self


You were on level 3 of the Dungeon.
You visited 1 branch of the dungeon, and saw 3 of its levels.

You collected 105 gold pieces.

Inventory:

Hand Weapons
 a - a +2 mace (weapon)
Missiles
 e - 50 stones
 t - 5 poisoned darts
Armour
 b - a +0 cloak (worn)
 g - a +0 pair of boots (worn)
 n - a +0 plate armour (worn)
Jewellery
 h - a ring of flight (left hand)
 m - a ring of protection from cold
 o - the amulet of Birdsong {Fly Regen+ Int+4}
   (You found it on level 2 of the Dungeon)

   [amulet of regeneration]

   Int:       It affects your intelligence (+4).
   Fly:       It grants you flight.
   Regen:     It increases your rate of health regeneration.
Wands
 q - a wand of flame (14)
Scrolls
 c - a scroll of fear
 d - a scroll of identify {unknown}
 f - 2 scrolls of immolation {unknown}
 l - a scroll of teleportation {unknown}
 p - a scroll of magic mapping {unknown}
 s - a scroll of poison {unknown}
Potions
 i - a potion of invisibility {unknown}
 j - a potion of brilliance {unknown}
 k - 2 potions of heal wounds {unknown}
 r - a potion of resistance {unknown}


   Skills:
 - Level 0.1(2.0) Axes
 + Level 3.3 Maces & Flails
 - Level 0.1(0.2) Polearms
 + Level 1.8 Armour
 - Level 1.0 Dodging
 - Level 2.4 Stealth
 + Level 1.4 Shields
 + Level 1.7 Spellcasting
 + Level 1.6 Fire Magic
 + Level 1.6 Poison Magic
 + Level 1.8 Evocations


You had 5 spell levels left.
You knew the following spells:

 Your Spells              Type           Power      Damage    Failure   Level
a - Foxfire               Conj/Fire      12%        2x1d4     100%        1

Your spell library contained the following spells:

 Spells                   Type           Power      Damage    Failure   Level
 Ignite Poison            Fire/Tmut/Pois 3%         N/A       100%        3


Dungeon Overview and Level Annotations

Branches:
Dungeon (3/15)

Altars:

Annotations:
D:3 Grinder


Innate Abilities, Weirdness & Mutations

You cannot be hasted, slowed, berserked, paralysed or teleported.
You can dig through walls and to a lower floor.
You have a pair of large antennae on your head. (SInv)
Your four strong arms can wield two-handed weapons with a shield.


Message History

Grinder hits you but does no damage.
You hit Grinder.
Grinder is moderately wounded.
Grinder hits you.
A giant cockroach comes into view.
You barely miss Grinder.
Grinder is moderately wounded.
Grinder hits you!
You writhe in agony.
You are too injured to fight recklessly!
You are too injured to fight recklessly!
You are too injured to fight recklessly!
You are too injured to fight recklessly!
You are too injured to fight recklessly!
You are too injured to fight recklessly!
You are too injured to fight recklessly!
You are too injured to fight recklessly!
You hit Grinder.
Grinder is moderately wounded.
Grinder completely misses you.
You closely miss Grinder.
Grinder is moderately wounded.
Grinder hits you but does no damage. x2
You sock Grinder!
Grinder is heavily wounded.
The giant cockroach bites you but does no damage.
Grinder gestures at you. Pain shoots through your body!
* * * LOW HITPOINT WARNING * * *
The giant cockroach completely misses you.
You barely miss Grinder.
Grinder is heavily wounded.
The giant cockroach bites you but does no damage.
Grinder grins, showing sharp teeth.
Grinder drinks a potion.
Grinder is healed!
You closely miss Grinder.
Grinder is moderately wounded.
The giant cockroach barely misses you. Grinder hits you!
* * * LOW HITPOINT WARNING * * *
You writhe in agony.
You die...

..... ###.# ..... #.#
### ..... ... ..#
....##.# #.# ......#
#.## #....# ...# #....#
...# #..B5# ...#
#.####@## ...######
#.......#
........#...####.##
....###.# #.##.#####
......# #....PP..#
...##.# #.#~~~P..#
......# #.#PPP~.~#
####..#######.#PPP~P...
###..##.#....##PP♣~...#


You could see Grinder and a giant cockroach.

Vanquished Creatures
  3 adders (D:2)
  A worm (D:2)
  2 dart slugs
  3 ball pythons (D:1)
  3 bats
  3 endoplasms
  3 goblins
  4 hobgoblins
  4 quokkas
  2 frilled lizards (D:1)
  7 kobolds
  3 rats
38 creatures vanquished.

Vanquished Creatures (others)
  2 plants (D:3)
2 creatures vanquished.

Grand Total: 40 creatures vanquished

Notes
Turn   | Place    | Note
-------+----------+-------------------------------------------
     0 | D:1      | Descartes the Formicid Wanderer began the quest for the
                  | Orb.
     0 | D:1      | Descartes set off with the following items: a +2 mace, a +0
                  | cloak, a scroll of fear, a +0 leather armour; and the
                  | following spell memorised: Foxfire; and the following
                  | spells available to memorise: Ignite Poison.
     0 | D:1      | Reached XP level 1. HP: 13/13 MP: 2/2
   225 | D:1      | Reached XP level 2. HP: 19/19 MP: 3/3
   806 | D:1      | Reached XP level 3. HP: 22/24 MP: 5/5
   917 | D:1      | Reached skill level 1 in Poison Magic
  1377 | D:2      | Reached skill level 1 in Shields
  1646 | D:2      | Reached XP level 4. HP: 23/30 MP: 6/6
  2107 | D:2      | Identified the amulet of Birdsong {Fly Regen+ Int+4}
  2310 | D:3      | Found a faded altar of an unknown god.
  2385 | D:3      | Noticed Grinder
  2398 | D:3      | Slain by Grinder

Illustrated notes

Levels and vault maps discovered:
D:1:      kilobyte_arrival_exit_the_forest, layout_basic,
          ebering_dispersal_statue_hall
D:2:      layout_basic, minmay_heptomino_d4
D:3:      layout_basic, nicolae_overflow_crystal_walls,
          shapermc_ecumenical_altar_starsandcircs, serial_bayou,
          serial_bayou_lake_a, serial_bayou_shore_a, serial_bayou_lagoon_a,
          serial_bayou_crossing, serial_shops,
          nicolae_shop_competitors_out_of_business, uniq_robin, uniq_ijyb,
          uniq_grinder

Skill      XL: |  1  2  3 |
---------------+----------+-----
Poison Magic   | 1 |  1.6
Shields        | 1 |  1.4
Axes           | |  0.1
Maces & Flails | |  3.3
Polearms       | |  0.1
Armour         | |  1.8
Dodging        | |  1.0
Stealth        | |  2.4
Spellcasting   | |  1.7
Fire Magic     | |  1.6
Evocations     | |  1.8

Action                   |  1- 3 |  4- 6 || total
-------------------------+-------+-------++-------
Melee: Mace              |    68 |    35 ||   103
       Punch             |     2 |       ||     2
 Stab: Sleeping          |     2 |       ||     2
Armor: Leather armour    |    10 |       ||    10
       Plate armour      |    17 |    28 ||    45
       Ring mail         |     1 |       ||     1
Dodge: Dodged            |    24 |     8 ||    32
